 Dungeon Crawl Stone Soup version 0.18.1-51-gd549091e01 (webtiles) character file.

952 magog001 the Bolt Thrower (level 7, -4/49 HPs)
             Began as a High Elf Hunter on Feb 22, 2022.
             Slain by a gnoll
             ... wielding a +0 spear
              (10 damage)
             ... on level 5 of the Dungeon on Feb 23, 2022.
             The game lasted 01:00:50 (5789 turns).

magog001 the Bolt Thrower (High Elf Hunter)         Turns: 5789, Time: 01:00:51

Health: -4/49      AC:  8    Str: 11    XL:     7   Next: 90%
Magic:  8/8        EV: 14    Int: 15    God:
Gold:   232        SH:  0    Dex: 20    Spells: 0 memorised, 6 levels left

rFire  . . .     SeeInvis .     t - +0 rapier
rCold  + . .     Gourm    .     B - +0 ring mail
rNeg   . . .     Faith    .     (no shield)
rPois  +         Spirit   .     (no helmet)
rElec  .         Dismiss  .     (no cloak)
rCorr  .         Reflect  .     s - +0 pair of gloves
SustAt .         Harm     .     n - +0 pair of boots
MR     .....                    (no amulet)
Stlth  +.........               j - ring of protection from cold
                                v - ring of poison resistance

@: not resistant to hostile enchantments, very unstealthy
A: agile 1
a: no special abilities


You were on level 5 of the Dungeon.
You were not hungry.

You visited 2 branches of the dungeon, and saw 6 of its levels.

You collected 232 gold pieces.

Inventory:

Hand Weapons
 a - a +1 hand crossbow
 c - a +1 falchion of holy wrath
 l - a +0 short sword
 q - a +1 dagger of speed
 t - a +0 rapier (weapon)
 G - a +0 hand axe of freezing
Missiles
 b - 5 bolts
 e - 2 needles of frenzy
 i - 30 poisoned needles
 m - 4 tomahawks of returning
 r - 108 stones (quivered)
 y - 21 sling bullets
Armour
 n - a +0 pair of boots (worn)
 s - a +0 pair of gloves (worn)
 B - a +0 ring mail (worn)
Jewellery
 j - a ring of protection from cold (right hand)
 v - a ring of poison resistance (left hand)
Wands
 D - a wand of disintegration (6/24)
Scrolls
 p - a scroll of identify
 C - a scroll of remove curse
 E - 2 scrolls of fear
 F - a scroll of enchant weapon {unknown}
Potions
 o - 2 potions of brilliance
 u - a potion of degeneration {unknown}
 w - a potion of haste
 x - a potion of flight
 z - a potion of ambrosia
 A - a potion of cancellation
Comestibles
 f - 5 bread rations
 g - 8 chunks of flesh
 k - 4 meat rations
 H - 3 fruits


   Skills:
 * Level 4.8 Fighting
 * Level 7.1 Short Blades
 * Level 7.6 Crossbows
 + Level 0.2 Throwing
 * Level 5.4 Armour
 * Level 5.7 Dodging
 - Level 1.1 Stealth
 + Level 2.7 Unarmed Combat
 + Level 0.8 Evocations


You had 6 spell levels left.
You didn't know any spells.

Dungeon Overview and Level Annotations

Branches:
Dungeon (5/15)             Temple (1/1) D:5

Altars:
Ashenzari
Dithmenos
Gozag
Kikubaaqudgha
Makhleb
Ru
Trog
Vehumet
Zin
The Shining One

Shops:
D:4 :

Annotations:
D:4 Eustachio


Innate Abilities, Weirdness & Mutations

You are agile. (Dex +2)


Message History

You struggle against the net.
A gnoll comes into view.
The gnoll shouts!
You try to slip out of the net.
Drink which item? (? for menu, Esc to quit)
You feel better. The gnoll hits you with a club.
You try to slip out of the net.
The gnoll hits you from afar with a spear.
You slip out of the net!
The gnoll hits you but does no damage.
The gnoll hits you from afar with a spear.
* * * LOW HITPOINT WARNING * * *
You hit the gnoll.
The gnoll is lightly wounded.
The gnoll hits you with a club!
* * * LOW HITPOINT WARNING * * *
You hit the gnoll.
The gnoll is moderately wounded.
The gnoll closely misses you. The gnoll misses you.
The gnoll hits you from afar with a spear!
You die...

#.###.#.##.##..###.
#.# #.#.##.##..#...
#.# #.#........#[..
#.# #.####.###.#.⌠.
#(# #.# #.###.#...
#.# #.# #.........
#.# #.# #####.....
#.###.### #.##..
#(@..%..######.###.
#g###..........# ##
#g# ###.######## #
#g# #.# # )). ... #
..# ##.## # #)##
#.# # .. #.# #.#


You could see 3 gnolls.

Vanquished Creatures
  An orc warrior (D:5)
  An ogre (D:5)
  A phantom (D:5)
  A centaur (D:5)
  A quasit (D:5)
  2 orc priests
  2 orc wizards (D:5)
  Terence (D:3)
  2 worker ants
  A worker ant zombie (D:5)
  8 gnolls
  7 adders
  2 oozes
  4 worms
  2 dart slugs
  4 giant geckos
  8 orcs
  4 giant cockroaches
  10 goblins
  3 hobgoblins
  4 jackals (D:2)
  10 kobolds
  2 quokkas
  2 ball pythons
  5 bats
  3 giant newts
  9 rats
100 creatures vanquished.

Notes
Turn   | Place    | Note
--------------------------------------------------------------
     0 | D:1      | magog001 the High Elf Hunter began the quest for the Orb.
     0 | D:1      | Reached XP level 1. HP: 14/14 MP: 2/2
     8 | D:1      | Noticed a six-headed hydra
     8 | D:1      | Noticed an anaconda
     8 | D:1      | Noticed a hog
     8 | D:1      | Noticed a swamp worm
    77 | D:1      | Reached XP level 2. HP: 19/19 MP: 3/3
   455 | D:1      | Reached XP level 3. HP: 22/24 MP: 4/4
   904 | D:2      | Reached skill level 1 in Short Blades
   904 | D:2      | Reached skill level 5 in Crossbows
   908 | D:2      | Gained mutation: You are agile. (Dex +2) [potion of beneficial mutation]
   912 | D:2      | Reached XP level 4. HP: 9/30 MP: 5/5
  1873 | D:3      | Noticed Terence
  1884 | D:3      | Killed Terence
  1884 | D:3      | Reached skill level 1 in Armour
  2023 | D:3      | Reached skill level 5 in Dodging
  2023 | D:3      | Reached XP level 5. HP: 6/38 MP: 6/6
  2032 | D:3      | Reached XP level 6. HP: 27/44 MP: 7/7
  3371 | D:4      | Noticed Eustachio
  3749 | D:4      | Found a shattered altar of Ashenzari.
  4103 | D:4      | Found a glowing silver altar of Zin.
  4294 | D:4      | Found a burning altar of Makhleb.
  4300 | D:4      | Noticed an angel
  4300 | D:4      | Noticed a green death
  4612 | D:4      | Found Zetye's Book Shoppe.
  5097 | D:5      | Entered Level 5 of the Dungeon
  5097 | D:5      | Found a staircase to the Ecumenical Temple.
  5125 | Temple   | Entered the Ecumenical Temple
  5230 | D:5      | Reached XP level 7. HP: 21/49 MP: 8/8
  5464 | D:5      | Reached skill level 5 in Armour
  5789 | D:5      | Slain by a gnoll

Skill      XL: |  1  2  3  4  5  6  7 |
---------------+----------------------+-----
Short Blades   | 1 6 7 |  7.1
Crossbows      | 5 7 |  7.6
Armour         | 4 5 |  5.4
Fighting       | 4 |  4.8
Dodging        | 5 |  5.7
Unarmed Combat | 2 |  2.7
Throwing       | |  0.2
Stealth        | |  1.1
Evocations     | |  0.8

Action                   |  1- 3 |  4- 6 |  7- 9 || total
-------------------------+-------+-------+-------++-------
Melee: Short sword       |       |   239 |       ||   239
       Punch             |       |     5 |     2 ||     7
       Rapier            |       |    19 |    58 ||    77
 Fire: Hand crossbow     |    84 |    66 |       ||   150
Throw: Stone             |       |    21 |       ||    21
       Tomahawk          |       |     9 |       ||     9
Evoke: Wand              |       |     9 |    11 ||    20
  Use: Potion            |     4 |     6 |     1 ||    11
       Scroll            |       |    10 |     1 ||    11
  Eat: Chunk             |       |     8 |       ||     8
       Beef jerky        |       |     2 |     1 ||     3
       Pizza             |       |     2 |       ||     2
Armor: Leather armour    |    14 |    32 |       ||    46
       Skin              |       |     1 |       ||     1
       Ring mail         |       |    44 |    20 ||    64
Dodge: Dodged            |    28 |   211 |    51 ||   290
